 Dungeon Sprint DCSS version 0.17-a0-1646-geb1493d (webtiles) character file.

1935 Kidiri the Protected (level 8, 0/78 HPs)
             Began as a Minotaur Fighter on Aug 10, 2015.
             Was an Elder of Okawaru.
             Slain by an alligator snapping turtle (29 damage)
             ... in the Dungeon (Sprint VII: "The Pits").
             The game lasted 00:06:27 (1206 turns).

Kidiri the Protected (Minotaur Fighter)             Turns: 1206, Time: 00:06:27

Health: 0/78       AC: 18    Str: 23      XL:     8   Next: 97%
Magic:  11/11      EV:  9    Int:  4 (5)  God:    Okawaru [****..]
Gold:   0          SH: 12    Dex: 10      Spells: 0 memorised, 7 levels left

rFire  . . .     SeeInvis .     a - +2 morningstar (crush)
rCold  . . .     Clarity  .     b - +3 plate armour
rNeg   . . .     SustAt   .     c - +0 shield
rPois  .         Gourm    .     (helmet restricted)
rElec  .         Spirit   .     (no cloak)
rCorr  .         Warding  .     (no gloves)
rMut   .         NoTele   +     (no boots)
MR     .....                    (no amulet)
Stlth  ..........               (no ring)
                                (no ring)

@: exhausted, slowed, very slow, not resistant to hostile enchantments,
extremely unstealthy
A: retaliatory headbutt, horns 2
a: Heroism, Renounce Religion


You were in the Dungeon.
You worshipped Okawaru.
Okawaru was greatly pleased with you.
You were very hungry.

You visited 1 branch

Inventory:

Hand weapons
 a - a +2 morningstar of crushing (weapon)
Missiles
 v - 4 curare-tipped needles
Armour
 b - a +3 plate armour (worn)
 c - a +0 shield (worn)
Jewellery
 s - a +3 ring of dexterity
 t - a +3 ring of intelligence
Scrolls
 k - a scroll of blinking
 p - 3 scrolls of remove curse
 q - 5 scrolls of amnesia
 r - a scroll of summoning
Potions
 d - 2 potions of might
 f - 9 potions of curing
 g - a potion of heal wounds
 h - 3 potions of haste
 i - 4 potions of magic
 j - 3 potions of berserk rage
 o - 2 potions of invisibility
 u - 3 potions of agility
Comestibles
 e - 8 bread rations
 l - 7 chunks of flesh
 m - 40 fruits
 n - 7 meat rations


   Skills:
 + Level 9.0 Fighting
 * Level 11.5 Maces & Flails
 * Level 11.8 Armour
 + Level 7.2 Dodging
 * Level 11.8 Shields
 + Level 6.5 Invocations


You had 7 spell levels left.
You didn't know any spells.

Dungeon Overview and Level Annotations

Branches:
Dungeon (1/1)

Altars:
Ashenzari
Cheibriados
Dithmenos
Elyvilon
Fedhas
Gozag
Kikubaaqudgha
Makhleb
Nemelex Xobeh
Okawaru
Qazlal
Ru
Sif Muna
Trog
Vehumet
Xom
Yredelemnul
Zin
The Shining One
Beogh
Jiyva
Lugonu

Annotations:
D Sonja


Innate Abilities, Weirdness & Mutations

You reflexively headbutt those who attack you in melee.
You have a pair of horns on your head.


Message History

The ufetubus hits you but does no damage.
The ufetubus closely misses you.
The alligator snapping turtle bites you from afar!!
* * * LOW HITPOINT WARNING * * *
You block the ufetubus's attack.
The ufetubus hits you but does no damage.
The neqoxec gestures at you.
Something tries to feed on your intellect!
The ufetubus disappears in a puff of smoke!
You block the alligator snapping turtle's attack.
There is an open door to the Storerooms (Easy) here.
The neqoxec gestures.
You block the goblin's attack. The neqoxec gestures at you.
Something tries to feed on your intellect!
You block the goblin's attack.
Drink which item? (? for menu, Esc to quit)
You feel much better.
The alligator snapping turtle bites you from afar!!
You die...

############ #__________#
#__________#
#.#####+##############++##
#_#)))+.+..##.............
#_#)))#.#?(##......#..#...
#######+#####.............
#........@gt3.5...........
#+#####+#####.5....#.รท#...
#.#.....#..##........)....
#.#.%...#))#####+#####''##
#.###+###))##.......##''#
#)#.....#))##.......##..##
#.#.....#[[##.......##..5#
#.####+##+###...<...###...
#.#........##.......# ##..


You could see an alligator snapping turtle, a neqoxec, 2 iron imps and a goblin.

Vanquished Creatures
  A hydra (D)
  A gargoyle (D)
  2 snapping turtles (D)
  A deep elf fighter (D)
  A black bear (D)
  2 ice beasts (D)
  2 iron imps (D)
  2 river rats (D)
  A gnoll (D)
  An adder (D)
  An ufetubus (D)
  An adder zombie (D)
  A worm (D)
  A giant gecko (D)
  A bat (D)
  A bat zombie (D)
  A giant cockroach (D)
  A goblin (D)
  A hobgoblin (D)
  4 jackals (D)
  A quokka (D)
  A ball python (D)
  A giant newt (D)
  A rat (D)
31 creatures vanquished.

Vanquished Creatures (others)
  A Killer Klown (D)
  An Executioner (D)
  An acid blob (D)
  An iron dragon (D)
4 creatures vanquished.

Grand Total: 35 creatures vanquished

Notes
Turn   | Place    | Note
--------------------------------------------------------------
     0 | D        | Kidiri the Minotaur Fighter began the quest for the Orb.
     0 | D        | Reached XP level 1. HP: 19/19 MP: 0/0
     9 | D        | Killed an acid blob
    13 | D        | Reached skill level 4 in Fighting
    13 | D        | Reached skill level 1 in Dodging
    39 | D        | Killed a Killer Klown
    55 | D        | Found a sacrificial altar of Ru.
    55 | D        | Found a basalt altar of Yredelemnul.
    55 | D        | Found a shadowy altar of Dithmenos.
    55 | D        | Found a deep blue altar of Sif Muna.
    55 | D        | Found a burning altar of Makhleb.
    55 | D        | Found a shimmering altar of Xom.
    55 | D        | Found an ancient bone altar of Kikubaaqudgha.
    55 | D        | Found a sparkling altar of Nemelex Xobeh.
    56 | D        | Found a glowing golden altar of the Shining One.
    56 | D        | Found a bloodstained altar of Trog.
    56 | D        | Found a shattered altar of Ashenzari.
    56 | D        | Found a white marble altar of Elyvilon.
    56 | D        | Found a snail-covered altar of Cheibriados.
    56 | D        | Found a blossoming altar of Fedhas.
    56 | D        | Found a radiant altar of Vehumet.
    56 | D        | Found a glowing silver altar of Zin.
    56 | D        | Found a corrupted altar of Lugonu.
    56 | D        | Found a viscous altar of Jiyva.
    56 | D        | Found a roughly hewn altar of Beogh.
    56 | D        | Found an iron altar of Okawaru.
    62 | D        | Found a stormy altar of Qazlal.
    62 | D        | Found an opulent altar of Gozag.
    65 | D        | Became a worshipper of Warmaster Okawaru
    84 | D        | Reached XP level 2. HP: 27/27 MP: 1/1
    92 | D        | Killed an iron dragon
    99 | D        | Reached skill level 1 in Invocations
   101 | D        | Reached skill level 5 in Armour
   101 | D        | Reached skill level 5 in Shields
   101 | D        | Reached XP level 3. HP: 19/34 MP: 2/2
   258 | D        | Killed an Executioner
   317 | D        | Noticed an iron imp
   318 | D        | Noticed a black bear
   330 | D        | Killed an iron imp
   330 | D        | Reached skill level 5 in Maces & Flails
   330 | D        | Reached XP level 4. HP: 39/41 MP: 4/4
   333 | D        | Reached skill level 5 in Fighting
   338 | D        | Killed a black bear
   338 | D        | Reached skill level 6 in Maces & Flails
   338 | D        | Reached skill level 7 in Armour
   338 | D        | Reached XP level 5. HP: 34/50 MP: 4/6
   500 | D        | Noticed a deep elf fighter
   502 | D        | Killed a deep elf fighter
   502 | D        | Acquired Okawaru's first power
   502 | D        | Reached skill level 8 in Armour
   502 | D        | Reached XP level 6. HP: 56/58 MP: 7/7
   507 | D        | Noticed a snapping turtle
   532 | D        | Killed a snapping turtle
   532 | D        | Reached skill level 9 in Armour
   532 | D        | Reached skill level 5 in Dodging
   695 | D        | Noticed an iron imp
   695 | D        | Noticed an ice beast
   695 | D        | Noticed an ice beast
   700 | D        | Killed an ice beast
   700 | D        | Reached XP level 7. HP: 63/66 MP: 9/9
   703 | D        | Killed an ice beast
   712 | D        | Killed an iron imp
   713 | D        | Reached skill level 5 in Invocations
   777 | D        | Noticed a snapping turtle
   815 | D        | Killed a snapping turtle
   815 | D        | Reached skill level 10 in Armour
   815 | D        | Reached skill level 10 in Shields
  1070 | D        | Noticed a gargoyle
  1100 | D        | Killed a gargoyle
  1100 | D        | Reached skill level 10 in Maces & Flails
  1100 | D        | Reached XP level 8. HP: 62/74 MP: 9/11
  1121 | D        | Noticed a five-headed hydra
  1135 | D        | Killed a five-headed hydra
  1135 | D        | Reached skill level 11 in Maces & Flails
  1160 | D        | Noticed Sonja
  1183 | D        | Noticed a neqoxec
  1184 | D        | Noticed an alligator snapping turtle
  1206 | D        | Slain by an alligator snapping turtle

Vault maps used:
D:        pitsprint

Action                   |  1- 3 |  4- 6 |  7- 9 || total
-------------------------+-------+-------+-------++-------
Melee: Flail             |     3 |       |       ||     3
       Mace              |    21 |    42 |    47 ||   110
       Morningstar       |       |       |    26 ||    26
Invok: Heroism           |       |       |     3 ||     3
  Use: Potion            |       |       |     7 ||     7
  Eat: Chunk             |       |       |     1 ||     1
